 Dungeon Crawl Stone Soup version 0.29.1-1-gd02db6906a (webtiles) character file.

Game seed: 11841129614033632745

21616 Kaiern the Summoner (level 12, -20/82 (87) HPs)
             Began as an Octopode Summoner on Oct 18, 2022.
             Was an Initiate of Gozag.
             Demolished by a death yak (21 damage)
             ... on level 10 of the Dungeon on Oct 19, 2022.
             The game lasted 01:42:32 (21586 turns).

Kaiern the Summoner (Octopode Summoner)            Turns: 21586, Time: 01:42:33

HP:   -20/82 (87)   AC:  4    Str: 12    XL:     12   Next: 91%
MP:   35/35         EV: 17    Int: 32    God:    Gozag
Gold: 318           SH:  0    Dex: 13    Spells: 17/30 levels left

rFire   + . .      SeeInvis .   s - +11 halberd of Gesoum {vorpal, rElec Str+4 Int+4}
rCold   + . .      Faith    .   (shield currently unavailable)
rNeg    . . .      Spirit   .   d - +3 hat of Pondering {ponderous, Will+ MP+10 Int+5}
rPois   +          Reflect  .   B - amulet of the acrobat
rElec   +          Harm     .   D - ring of wizardry
rCorr   .          Rampage  .   F - ring of wizardry
Will    +....                   J - ring "Kamas" {Fly rElec rF+ rC+ Int+2}
Stlth   +++.......              w - ring of poison resistance
HPRegen 0.23/turn               (no ring)
MPRegen 0.24/turn               (no ring)
                                (no ring)
                                (no ring)

@: flying, drained, slow
A: almost no armour, amphibious, 8 rings, camouflage 1, gelatinous body 1,
(nimble swimmer 1), tentacles
a: Renounce Religion, Potion Petition, Call Merchant, Bribe Branch


You were on level 10 of the Dungeon.
You worshipped Gozag.
Gozag was aware of your devotion.
You visited 4 branches of the dungeon, and saw 18 of its levels.

You collected 3006 gold pieces.
You spent 1084 gold pieces at shops.
You paid 1604 gold pieces to Gozag.

Inventory:

Hand Weapons
 f - a +1 dagger of venom
 o - a +0 trident
 s - the +11 halberd of Gesoum (weapon) {vorpal, rElec Str+4 Int+4}
   (You found it on level 3 of the Dungeon)

   It inflicts extra damage upon your enemies.
   Str:       It affects your strength (+4).
   Int:       It affects your intelligence (+4).
   rElec:     It insulates you from electricity.
Missiles
 b - 2 throwing nets
Armour
 d - the +3 hat of Pondering (worn) {ponderous, Will+ MP+10 Int+5}
   (You took it off Gastronok on level 10 of the Dungeon)

   Int:       It affects your intelligence (+5).
   MP:        It affects your magic capacity (+10).
   Will:      It increases your willpower.
 A - a +0 buckler
 E - a +0 kite shield
Jewellery
 m - a ring of fire
 v - an amulet of faith
 w - a ring of poison resistance (on tentacle)
 z - a ring of flight
 B - an amulet of the acrobat (around mantle)
 D - a ring of wizardry (left tentacle)
 F - a ring of wizardry (right tentacle)
 J - the ring "Kamas" (on tentacle) {Fly rElec rF+ rC+ Int+2}
   (You bought it in a shop on level 10 of the Dungeon)

   [ring of flight]

   Int:       It affects your intelligence (+2).
   rF:        It protects you from fire.
   rC:        It protects you from cold.
   rElec:     It insulates you from electricity.
   Fly:       It grants you flight.
Wands
 i - a wand of polymorph (2)
 l - a wand of flame (20)
 p - a wand of iceblast (24)
 r - a wand of quicksilver (8)
 t - a wand of digging (7)
 C - a wand of mindburst (11)
 H - a wand of paralysis (8)
Scrolls
 y - 7 scrolls of identify
 I - a scroll of poison {unknown}
Potions
 a - 2 potions of magic
 c - 2 potions of brilliance
 e - a potion of mutation
 g - 2 potions of cancellation
 h - 5 potions of might
 j - 12 potions of ambrosia
 k - 6 potions of curing
 n - 4 potions of degeneration
 q - 3 potions of berserk rage
 u - a potion of attraction
 x - a potion of haste


   Skills:
 + Level 10.2 Fighting
 + Level 10.6 Dodging
 - Level 2.6 Stealth
 + Level 9.7 Spellcasting
 - Level 2.1 Hexes
 + Level 11.1 Summonings
 - Level 5.0 Air Magic


You had 17 spell levels left.
You knew the following spells:

 Your Spells              Type           Power      Damage    Failure   Level
a - Summon Small Mammal   Summ           100%       N/A       1%          1
b - Call Imp              Summ           72%        N/A       1%          2
c - Call Canine Familiar  Summ           72%        N/A       1%          3
d - Summon Guardian Gole  Hex/Summ       55%        N/A       1%          3
e - Summon Lightning Spi  Summ/Air       61%        N/A       1%          4

Your spell library contained the following spells:

 Spells                   Type           Power      Damage    Failure   Level
 Conjure Flame            Conj/Fire      15%        6-21      2%          3
 Ignite Poison            Fire/Tmut/Pois 15%        N/A       2%          3
 Dispel Undead            Necr           15%        3d10      9%          4
 Sticky Flame             Conj/Fire      15%        2d4       9%          4
 Death Channel            Necr           7%         N/A       71%         6
 Corpse Rot               Necr/Pois/Air  Unusable   N/A       N/A         4

Dungeon Overview and Level Annotations

Branches:
Dungeon (14/15)            Temple (1/1) D:6            Lair (1/5) D:10
    Orc (2/2) D:11
    Elf: Orc:2       Vaults: D:13-14

Altars:
Ashenzari
Cheibriados
Dithmenos
Elyvilon
Fedhas
Gozag
Hepliaklqana
Kikubaaqudgha
Makhleb
Nemelex Xobeh
Okawaru
Qazlal
Ru
Sif Muna
Trog
Uskayaw
Vehumet
Wu Jian
Xom
Yredelemnul
Zin
The Shining One

Shops:
D:10 =   D:11 :(   Orc:1 =

Portals:
Abyss: D:5
Trove: D:13 (give +7 demon trident)

Annotations:
D:5 2 transporters, Earthwalker's ghost, novice MiFi
Orc:1 exclusion: oklob plant


Innate Abilities, Weirdness & Mutations

You cannot wear most types of armour.
You are amphibious.
You can wear up to eight rings at the same time.
Your skin changes colour to match your surroundings (Stealth+).
Your rubbery body absorbs attacks. (AC +1, EV +1)
((You are camouflaged when in or above water. (Stealth+)))
You have tentacles for arms and can constrict up to eight enemies at once.


Message History

You no longer have enough gold to fund merchants seeking to open stores in the dungeon.
Xemuucon invites you to visit her Antique Weapon Shop.
There is an entrance to Xemuucon's Antique Weapon Shop here.
Unknown command.
(D) Dungeon (T) Temple (L) Lair (O) Orcish Mines
Where to? (Enter - D:11 @ (x,y), ? - help)
What level of the Lair of Beasts? (default 1, ? - help)
There is a stone staircase leading up here.
You fly upwards.
There is a stone staircase leading down here.
You see here a +0 battleaxe.
There is a staircase to the Lair here.
You fly downwards.
Welcome back to the Lair of Beasts!
The blink frog barely misses you. The death yak gores you!!
The death yak barely misses you. The blink frog hits you!
There is a staircase back to the Dungeon, spattered with blood here.
The blink frog hits you but does no damage.
The blink frog closely misses you. The death yak closely misses you.
The death yak gores you!!
* * * LOW HITPOINT WARNING * * *
The death yak completely misses you.
You fly upwards.
Welcome back to the Dungeon!
There is a staircase to the Lair here.
Okay, then.
The blink frog attacks as you move away!
The blink frog misses you. The blink frog closely misses you.
The blink frog blinks!
The death yak attacks as you move away! The death yak misses you.
The blink frog completely misses you.
You closely miss the blink frog. Your grab misses the blink frog.
You squeeze the blink frog.
The blink frog is lightly wounded.
The blink frog blinks!
The blink frog hits you!
* * * LOW HITPOINT WARNING * * *
The death yak completely misses you. The death yak misses you.
The death yak gores you!
* * * LOW HITPOINT WARNING * * *
The death yak gores you!!
You die...
Your body crumbles into a pile of gold.

.................~~.≈≈~...##...##
.............~~.~.~≈≈≈~.~.##.....
..............~~~≈≈~≈≈~..........
..............~~≈~~~≈~≈≈~≈##.....
#...........~~~~.~.~.~≈≈≈≈#######
##...........≈~~....~~≈≈≈≈# #.[..
............~~≈.~F>.~~≈≈≈≈# #.###
...........~~.~.YY...≈≈≈≈~###.#..
.............~~~@Y..~≈≈≈≈~..#.#.#
.............≈≈§...~.≈≈≈~...#.#.#
..............≈≈~..~~≈~~.........
..............≈≈~~.~≈.≈~.∩..#.#.#
.............~~≈≈~.~≈~..~...#.#.#
.............~≈~≈~.~≈~~.....#.#..
..........F.~~~[.~.~≈~.~..#.#.###
......(.......~).~.~≈~~...#.#....
...............~...~~..~~.#.#####


You could see 3 death yaks and 2 blink frogs.

Vanquished Creatures
  An unseen horror (D:11)
  A troll (D:11)
  Sigmund (D:5)
  Eustachio (D:4)
  A vampire mosquito (D:12)
  A water moccasin (D:6)
  A kobold brigand (D:10)
  A bullfrog (D:8)
  2 scorpions
  3 killer bees (D:11)
  A howler monkey (D:10)
  4 hounds (D:10)
  2 orc priests (D:3)
  3 iguanas
  Ijyb (D:3)
  2 orc wizards
  Robin (D:2)
  2 gnolls
  9 adders
  A white imp (D:6)
  An ufetubus (D:5)
  A worm (D:3)
  3 dart slugs
  5 orcs
  5 ball pythons
  3 endoplasms (D:4)
  2 giant cockroaches
  3 goblins
  4 hobgoblins
  2 jackals
  2 quokkas
  7 bats
  7 kobolds
  2 rats (D:1)
86 creatures vanquished.

Vanquished Creatures (collateral kills)
  Gastronok (D:10)
  A hydra (D:11)
  A boulder beetle (D:8)
  3 two-headed ogres
  3 ugly things
  Maurice (Orc:1)
  A gargoyle (D:12)
  A kobold demonologist (D:11)
  3 trolls
  Prince Ribbit (D:7)
  A dream sheep (D:10)
  A wyvern (D:11)
  2 wraiths
  8 yaks
  A steam dragon (D:6)
  A basilisk (D:8)
  Menkaure (D:4)
  A water moccasin (D:7)
  6 orc warriors
  A sky beast (D:7)
  A black bear (D:8)
  3 ogres
  5 kobold brigands
  Blork the orc (D:4)
  5 bullfrogs
  3 scorpions
  2 necrophages
  A gnoll sergeant (D:9)
  3 wights (D:8)
  24 killer bees
  4 howler monkeys
  4 electric eels
  A jelly (D:6)
  A gnoll bouda (D:10)
  5 orc priests
  4 hounds
  Jessica (D:3)
  3 iguanas
  10 orc wizards
  11 gnolls
  6 adders
  A white imp (D:7)
  An ufetubus (D:6)
  2 dart slugs
  39 orcs
  4 endoplasms
  A giant cockroach (D:1)
  10 goblins
  8 hobgoblins
  A jackal (D:2)
  15 kobolds
  2 quokkas (D:1)
  2 ball pythons
  4 bats
  A rat (D:3)
228 creatures vanquished.

Vanquished Creatures (others)
  A hydra (D:14)
  3 ugly things (D:14)
  A cyclops (D:11)
  A manticore (D:11)
  A gargoyle (D:9)
  A hellwing (D:14)
  3 trolls
  A queen bee (D:11)
  2 dream sheep (D:10)
  A shadow (D:11)
  2 yaks (D:11)
  A wraith (D:11)
  2 vampire mosquitoes (D:11)
  2 acid dragons
  An ice beast (D:8)
  A sky beast (D:6)
  2 kobold brigands
  A gnoll sergeant (D:9)
  A wight (D:8)
  2 killer bees (D:11)
  A howler monkey (D:11)
  3 electric eels
  3 orc priests
  A gnoll bouda (D:7)
  5 gnolls
  2 orcs
  2 kobolds (D:9)
  5 demonic plants (D:14)
  8 plants (D:11)
60 creatures vanquished.

Grand Total: 374 creatures vanquished

Notes
Turn   | Place    | Note
-------+----------+-------------------------------------------
     0 | D:1      | Kaiern the Octopode Summoner began the quest for the Orb.
     0 | D:1      | Reached XP level 1. HP: 11/11 MP: 3/3
    27 | D:1      | Found a faded altar of an unknown god.
    27 | D:1      | Noticed a shining eye
    42 | D:1      | Noticed a shining eye
    42 | D:1      | Noticed a golden eye
    42 | D:1      | Noticed a great orb of eyes
   192 | D:1      | Reached XP level 2. HP: 18/18 MP: 1/5
   195 | D:1      | Learned a level 2 spell: Call Imp
   355 | D:1      | Reached skill level 1 in Fighting
   449 | D:1      | Reached XP level 3. HP: 23/23 MP: 3/6
   453 | D:1      | Learned a level 3 spell: Call Canine Familiar
  1174 | D:2      | Noticed Robin
  1305 | D:2      | Killed Robin
  1391 | D:2      | Reached XP level 4. HP: 28/28 MP: 7/7
  2324 | D:3      | Noticed Ijyb
  2332 | D:3      | Killed Ijyb
  2468 | D:3      | Identified the +4 chain mail of Henio {Str+5 Stlth-}
  2504 | D:3      | Reached XP level 5. HP: 18/34 MP: 9/9
  2522 | D:3      | Noticed Jessica
  2535 | D:3      | Killed Jessica
  3166 | D:3      | Reached XP level 6. HP: 41/41 MP: 5/10
  3216 | D:3      | Identified the +11 halberd of Gesoum {vorpal, rElec Str+4
                  | Int+4}
  3329 | D:3      | Reached skill level 5 in Summonings
  3682 | D:3      | Learned a level 3 spell: Summon Guardian Golem
  3948 | D:4      | Reached XP level 7. HP: 46/46 MP: 2/12
  4549 | D:4      | Noticed Blork the orc
  4563 | D:4      | Killed Blork the orc
  4835 | D:4      | Noticed Menkaure
  4842 | D:4      | Killed Menkaure
  4980 | D:4      | Noticed Eustachio
  5156 | D:4      | Reached skill level 1 in Hexes
  5223 | D:4      | Killed Eustachio
  5224 | D:4      | Reached XP level 8. HP: 54/54 MP: 1/14
  5537 | D:5      | Entered Level 5 of the Dungeon
  5537 | D:5      | Found a transporter.
  5545 | D:5      | Found a bloodstained altar of Trog.
  5550 | D:5      | Found a white marble altar of Elyvilon.
  5563 | D:5      | Found a transporter.
  5609 | D:5      | Noticed a toenail golem
  5886 | D:5      | Reached skill level 6 in Summonings
  5893 | D:5      | Learned a level 4 spell: Summon Lightning Spire
  6005 | D:5      | Noticed Sigmund
  6021 | D:5      | Killed Sigmund
  6022 | D:5      | Reached skill level 5 in Dodging
  6022 | D:5      | Reached skill level 1 in Air Magic
  6247 | D:5      | Found a one-way gate to the infinite horrors of the Abyss.
  6247 | D:5      | Noticed Earthwalker's ghost (novice MiFi)
  6699 | D:6      | Found a staircase to the Ecumenical Temple.
  6708 | Temple   | Entered the Ecumenical Temple
  6972 | Temple   | Became a worshipper of Gozag Ym Sagoz the Greedy
  7058 | D:6      | Reached skill level 5 in Spellcasting
  7083 | D:6      | Reached skill level 5 in Fighting
  7083 | D:6      | Reached XP level 9. HP: 60/61 MP: 4/16
  8027 | D:7      | Reached skill level 7 in Summonings
  8557 | D:7      | Noticed Prince Ribbit
  8801 | D:7      | Killed Prince Ribbit
  9598 | D:8      | Reached XP level 10. HP: 35/68 MP: 13/19
 10675 | D:8      | Noticed a boulder beetle
 10704 | D:8      | Killed a boulder beetle
 10877 | D:8      | Reached skill level 8 in Summonings
 11264 | D:9      | Noticed a two-headed ogre
 11299 | D:9      | Killed a two-headed ogre
 11300 | D:9      | Reached skill level 5 in Air Magic
 12239 | D:9      | Noticed a gargoyle
 12260 | D:9      | Killed a gargoyle
 13150 | D:10     | Entered Level 10 of the Dungeon
 13151 | D:10     | Noticed a two-headed ogre
 13206 | D:10     | Noticed a two-headed ogre
 13207 | D:10     | Reached XP level 11. HP: 38/75 MP: 10/21
 13537 | D:10     | Reached skill level 9 in Summonings
 13844 | D:10     | Killed a two-headed ogre
 13945 | D:10     | Found a sacrificial altar of Ru.
 13961 | D:10     | Killed a two-headed ogre
 14034 | D:10     | Found a staircase to the Lair.
 14835 | D:10     | Bought the ring "Kamas" {Fly rElec rF+ rC+ Int+2} for 844
                  | gold pieces
 15216 | D:11     | Noticed an eight-headed hydra
 15226 | D:11     | Killed an eight-headed hydra
 15393 | D:11     | Noticed a manticore
 15404 | D:11     | Killed a manticore
 15405 | D:11     | Reached skill level 10 in Summonings
 15405 | D:11     | Reached XP level 12. HP: 85/85 MP: 10/24
 15499 | D:11     | Found Loucoek's Vocational Training.
 16185 | D:11     | You are sucked into a shaft and drop 3 floors!
 16345 | D:14     | Noticed an eight-headed hydra
 16345 | D:14     | Noticed a sun demon
 16354 | D:14     | Killed an eight-headed hydra
 16369 | D:14     | Noticed a boulder beetle
 16379 | D:14     | Noticed a soul eater
 16657 | D:14     | Noticed a sun demon
 16661 | D:14     | Reached skill level 10 in Dodging
 16773 | D:14     | Noticed a catoblepas
 16834 | D:13     | Noticed a centaur warrior
 16884 | D:13     | Found a portal to a secret trove of treasure.
 17418 | D:12     | Noticed an ettin
 17427 | D:12     | Noticed a two-headed ogre
 18718 | D:11     | Found a staircase to the Orcish Mines.
 19265 | Lair:1   | Entered Level 1 of the Lair of Beasts
 19265 | Lair:1   | Noticed Gastronok
 19265 | Lair:1   | Noticed a death yak
 19265 | Lair:1   | Noticed a death yak
 19265 | Lair:1   | Noticed a death yak
 19284 | D:10     | Killed Gastronok
 19285 | D:10     | Reached skill level 10 in Fighting
 19507 | Orc:1    | Entered Level 1 of the Orcish Mines
 19509 | Orc:1    | Found Kanipudd's Jewellery Boutique.
 19532 | Orc:1    | Bought a ring of poison resistance for 240 gold pieces
 19548 | Orc:1    | Reached skill level 11 in Summonings
 19747 | Orc:1    | Noticed Maurice
 19761 | Orc:1    | Killed Maurice
 20688 | Orc:2    | Entered Level 2 of the Orcish Mines
 21586 | D:10     | HP: 1/82 [death yak (15)]
 21586 | D:10     | Demolished by a death yak

Illustrated notes

Levels and vault maps discovered:
D:1:      dpeg_arrival_simpleton_b, layout_loops_ring,
          hellmonk_ecumenical_altar_watching_god
D:2:      layout_loops_corners, uniq_robin
D:3:      layout_loops_ring, minmay_quadrilaterals, uniq_jessica, uniq_ijyb
D:4:      layout_basic, uniq_blork_the_orc, uniq_eustachio, uniq_menkaure
D:5:      layout_gridville, mainiacjoe_overflow_large_starburst,
          gammafunk_ghost_abyssal_escape, hangedman_decor_opposing, uniq_sigmund
D:6:      layout_basic, minmay_temple_entry_arrows, small_statue_intersection,
          minmay_alternating_orb
D:7:      layout_basic, kennysheep_generic_room_5, uniq_prince_ribbit1
D:8:      layout_gridville, disabler_island
D:9:      layout_basic, dreamdust_wishing_well, minmay_statues_item
D:10:     layout_basic, nicolae_ru_sacrificial_ziggurat, erik_lair_island,
          grunt_decor_arrowhead, dreamdust_gnoll_shepherd
D:11:     layout_long_grid, orc_0_dummy, special_room [special_room_bee],
          chequers_big_river, st_stairs_1, minivault_11, grunt_ministairs_6,
          hangedman_decor_clover_reticule, nicolae_shop_vocational
D:12:     minmay_connected_boxes_in_corner, layout_loops_ring,
          portal_ice_cave_entry_animals_and_master
D:13:     layout_long_grid, david_vaults_1, enter_trove_2, kennysheep_boxes,
          uniq_josephine
D:14:     layout_roguey, serial_demonic, serial_demonic_e, serial_demonic_b,
          serial_demonic_b, serial_demonic_f
Temple:   compressed_dpeg_triangle_lava_temple
Lair:1:   layout_misc_corridors, uniq_nergalle, uniq_gastronok
Orc:1:    layout_diamond_mine, serial_shops, shop, mines3_lemuel, uniq_maurice
Orc:2:    grunt_orc_tribal_feast, layout_caves

Skill      XL: |  1  2  3  4  5  6  7  8  9 10 11 12 |
---------------+-------------------------------------+-----
Fighting       | 1 2 3 4 5 6 7 9 10 | 10.2
Dodging        | 3 4 5 6 8 9 10 | 10.6
Spellcasting   | 3 4 5 6 7 8 9 |  9.7
Summonings     | 5 6 7 8 10 11 | 11.1
Hexes          | 1 2 |  2.1
Air Magic      | 2 4 5 |  5.0
Stealth        | |  2.6

Action                   |  1- 3 |  4- 6 |  7- 9 | 10-12 || total
-------------------------+-------+-------+-------+-------++-------
Melee: Unarmed           |    11 |       |       |       ||    11
       Constrict         |     9 |    13 |     7 |     7 ||    36
       Dagger            |    20 |    50 |       |       ||    70
       Tentacles         |     3 |    13 |     9 |    11 ||    36
       Halberd           |       |    12 |    60 |    61 ||   133
       Punch             |       |       |       |     1 ||     1
 Cast: Summon Small Mamm |    23 |    12 |    19 |    24 ||    78
       Call Imp          |    11 |    13 |    23 |    36 ||    83
       Call Canine Famil |       |    12 |    24 |    80 ||   116
       Summon Guardian G |       |       |    20 |    95 ||   115
       Summon Lightning  |       |       |     8 |    52 ||    60
Invok: Call Merchant     |       |       |       |     2 ||     2
  Use: Scroll            |       |       |    22 |     5 ||    27
       Potion            |       |       |       |     4 ||     4
 Stab: Sleeping          |     3 |     6 |     8 |       ||    17
       Distracted        |       |     1 |     1 |     2 ||     4
Armor: Skin              |    10 |     9 |       |    13 ||    32
Dodge: Dodged            |    29 |    36 |    44 |   202 ||   311
